 Dungeon Crawl Stone Soup version 0.29.1-15-g9cfb28693d (webtiles) character file.

Game seed: 10296074579523504154

72 GigaChad the Ducker (level 4, -4/37 HPs)
             Began as a Minotaur Gladiator on Mar 11, 2023.
             Slain by an ogre
             ... wielding a +0 giant club
              (7 damage)
             ... on level 3 of the Dungeon.
             The game lasted 00:02:20 (2074 turns).

GigaChad the Ducker (Minotaur Gladiator)            Turns: 2074, Time: 00:02:21

Health: -4/37      AC:  9    Str: 20    XL:     4   Next: 7%
Magic:  3/3        EV:  8    Int:  5    God:
Gold:   155        SH:  0    Dex: 12    Spells: 3/3 levels left

rFire   . . .      SeeInvis .   a - +0 war axe
rCold   . . .      Faith    .   (no shield)
rNeg    . . .      Spirit   .   j - +0 chain mail
rPois   .          Reflect  .   c - +0 hat
rElec   .          Harm     .   n - +0 cloak
rCorr   .          Rampage  .   (no gloves)
Will    .....                   (no boots)
Stlth   ..........              (no amulet)
HPRegen 0.12/turn               (no ring)
MPRegen 0.08/turn               (no ring)

@: no status effects
A: horns 2, retaliatory headbutt
a: no special abilities


You were on level 3 of the Dungeon.
You visited 1 branch of the dungeon, and saw 3 of its levels.

You collected 155 gold pieces.

Inventory:

Hand Weapons
 a - a +0 war axe (weapon)
 m - a +0 arbalest
Missiles
 d - 3 throwing nets (quivered)
 e - a javelin
Armour
 b - a +0 leather armour
 c - a +0 hat (worn)
 j - a +0 chain mail (worn)
 n - a +0 cloak (worn)
Wands
 o - a wand of light (10)
Scrolls
 k - a scroll of teleportation {unknown}
 l - a scroll of torment {unknown}
 p - a scroll of magic mapping {unknown}
Potions
 f - 2 potions of haste {unknown}
 g - 2 potions of curing {unknown}
 h - a potion of attraction {unknown}
 i - 4 potions of heal wounds {unknown}


   Skills:
 + Level 2.9 Fighting
 + Level 4.2 Axes
 + Level 2.1 Throwing
 + Level 2.0 Armour
 + Level 4.2 Dodging
 + Level 0.2 Stealth


You had 3 spell levels left.
You didn't know any spells.
Your spell library contained the following spells:

 Spells                   Type           Power      Damage    Failure   Level
 Poisonous Vapours        Pois/Air       0%         N/A       100%        2
 Corpse Rot               Necr/Pois/Air  0%         N/A       100%        4


Dungeon Overview and Level Annotations

Branches:
Dungeon (3/15)

Altars:


Innate Abilities, Weirdness & Mutations

You have a pair of horns on your head.
You reflexively headbutt those who attack you in melee.


Message History

You hit the kobold but do no damage.
You headbutt the kobold, but do no damage.
The kobold hits you with a +0 dagger.
You closely miss the kobold. The kobold barely misses you.
You furiously retaliate!
You headbutt the kobold!
You kill the kobold!
Things that are here:
a +0 dagger; 3 stones; a +0 ring mail HP restored.
Things that are here:
a +0 dagger; 3 stones; a +0 ring mail You now have 155 gold pieces (gained 10).
A ball python comes into view.
The ball python hisses angrily.
A rat comes into view.
The rat moves out of view.
You closely miss the ball python.
The ball python bites you but does no damage.
The ball python grabs you. The ball python constricts you.
You closely miss the ball python.
The ball python bites you but does no damage.
The ball python constricts you.
The ball python bites you but does no damage.
The ball python constricts you.
You slash the ball python!
You kill the ball python!
Your Armour skill increases to level 2!
You hit the rat.
You kill the rat!
You see here a rat corpse.
You open the door.
An ogre comes into view. It is wielding a +0 giant club.
The ogre shouts!
There is an open door here.
An ogre is nearby!
The ogre hits you with a +0 giant club!!
Ouch! That really hurt!
* * * LOW HITPOINT WARNING * * *
You hit the ogre but do no damage. The ogre hits you with a +0 giant club!
You die...

#...# #...# #...#
#...# #...# #...#
#O..#
#############@..####
#...........'......+
##.##########...####
#.# #.........# #.#
#.........# #.#
###.........# #.#
#.#.........# #.#
#.#.........#
#.###.#.........#


You could see an ogre.

Vanquished Creatures
  4 adders (D:2)
  A dart slug (D:1)
  3 endoplasms
  3 hobgoblins (D:1)
  3 jackals (D:1)
  2 quokkas (D:1)
  3 ball pythons
  6 bats (D:1)
  3 frilled lizards
  7 kobolds
  2 rats
  A spectral hobgoblin (D:1)
38 creatures vanquished.

Vanquished Creatures (others)
  2 plants (D:1)
2 creatures vanquished.

Grand Total: 40 creatures vanquished

Notes
Turn   | Place    | Note
-------+----------+-------------------------------------------
     0 | D:1      | GigaChad the Minotaur Gladiator began the quest for the
                  | Orb.
     0 | D:1      | Reached XP level 1. HP: 18/18 MP: 0/0
   223 | D:1      | Reached XP level 2. HP: 24/25 MP: 1/1
   453 | D:1      | Found a faded altar of an unknown god.
   928 | D:2      | Reached XP level 3. HP: 22/30 MP: 2/2
  1103 | D:2      | Reached skill level 1 in Armour
  1623 | D:2      | Reached XP level 4. HP: 37/37 MP: 3/3
  2071 | D:3      | Noticed an ogre
  2074 | D:3      | Slain by an ogre

Illustrated notes

Levels and vault maps discovered:
D:1:      reono_arrival_mine, layout_loops_cross,
          dreamdust_ecumenical_altar_drowned_temple, minivault_27,
          serial_bayou_crossing
D:2:      layout_basic
D:3:      layout_basic, mainiacjoe_overflow_concentric_impassable

Skill      XL: |  1  2  3  4 |
---------------+-------------+-----
Dodging        | 4 |  4.2
Axes           | 4 |  4.2
Armour         | 1 2 |  2.0
Fighting       | |  2.9
Throwing       | |  2.1
Stealth        | |  0.2

Action                   |  1- 3 |  4- 6 || total
-------------------------+-------+-------++-------
Melee: War axe           |    64 |     9 ||    73
       Headbutt          |     7 |     1 ||     8
 Stab: Sleeping          |     1 |       ||     1
Armor: Leather armour    |    14 |       ||    14
       Chain mail        |    21 |     7 ||    28
Dodge: Dodged            |    42 |     4 ||    46
